| TOP OF THE 1ST |
|
Duluth-Superior Dukes batting - Pitching for Watertown Bucks : RHP Jack Littrell
|
|
Pitching: RHP Jack Littrell
|
|
|
Batting: RHB Hector Cervantes
|
0-0: SINGLE (Line Drive, 7LS, EV 104.4 MPH)
|
|
Batting: RHB Jim Ferguson
|
0-0: Swinging Strike 0-1: Ball 1-1: Ball 2-1: Fielders Choice at 2nd, 4-6 (Groundball, 34, EV 83.1 MPH)
|
|
Batting: RHB Ricky Sheetz
|
0-0: Ball 1-0: Foul Ball, location: 2F 1-1: Ball 2-1: Foul Ball, location: 2F 2-2: Ball 3-2: Foul Ball, location: 2F 3-2: Base on Balls Jim Ferguson to second
|
|
Batting: LHB Ralph Bryant
|
0-0: Called Strike 0-1: Ball 1-1: TRIPLE (Flyball, 78XD, EV 101.9 MPH) Jim Ferguson scores Ricky Sheetz scores
|
|
Batting: RHB Leo Vargas
|
0-0: Fly out, F4 (Popup, 4, EV 68.1 MPH)
|
|
Batting: SHB Garry Humpston
|
0-0: Called Strike 0-1: Foul Ball, location: 2F 0-2: Foul Ball, location: 2F 0-2: Ball 1-2: Ball 2-2: Foul Ball, location: 2F 2-2: Foul Ball, location: 2F 2-2: Fly out, F8 (Flyball, 8RD, EV 101.3 MPH)
|
| Top of the 1st over - 2 runs, 2 hits, 0 errors, 1 left on base; Duluth-Superior 2 - Watertown 0 |
| BOTTOM OF THE 1ST |
|
Watertown Bucks batting - Pitching for Duluth-Superior Dukes : RHP Francis Cutty
|
|
Pitching: RHP Francis Cutty
|
|
|
Batting: LHB Manuel Vigil
|
0-0: Ball 1-0: Fly out, F7 (Flyball, 7D, EV 85.6 MPH)
|
|
Batting: RHB Richard Plautz
|
0-0: Called Strike 0-1: SINGLE (Line Drive, 9S, EV 95.6 MPH)
|
|
Batting: RHB Randy Hunt
|
0-0: Called Strike Richard Plautz is caught stealing 2nd base 2-4 0-1: Foul Ball, location: 2F 0-2: Fly out, F6 (Popup, 6M, EV 76.9 MPH)
|
| Bottom of the 1st over - 0 runs, 1 hit, 0 errors, 0 left on base; Duluth-Superior 2 - Watertown 0 |
| TOP OF THE 2ND |
|
Duluth-Superior Dukes batting - Pitching for Watertown Bucks : RHP Jack Littrell
|
|
Batting: RHB Pete Rice
|
0-0: Ball 1-0: Swinging Strike 1-1: Ball 2-1: Foul Ball, location: 2F 2-2: Ball 3-2: Base on Balls
|
|
Batting: RHB Gary Hinson
|
0-0: Ball 1-0: Ball 2-0: Ball 3-0: Base on Balls Pete Rice to second
|
|
Batting: RHB Cecil Whitehead
|
0-0: Ball 1-0: Foul Ball, location: 2F 1-1: Foul Ball, location: 2F 1-2: Ball 2-2: Fly out, F9 (Flyball, 9, EV 81.3 MPH)
|
|
Batting: RHB Hector Cervantes
|
0-0: Called Strike 0-1: DOUBLE (Line Drive, 9LM, EV 113.1 MPH) Pete Rice scores Gary Hinson to third Runner from 3rd tries for Home, SAFE, throw by RF to home
|
|
Batting: RHB Jim Ferguson
|
0-0: Ball 1-0: Called Strike 1-1: Ball 2-1: Fly out, F7 (Line Drive, 7, EV 83.1 MPH)
|
|
Batting: RHB Ricky Sheetz
|
0-0: Ball 1-0: Ball 2-0: Ball 3-0: Called Strike 3-1: Base on Balls
|
|
Batting: LHB Ralph Bryant
|
0-0: Fly out, F9 (Flyball, 9LS, EV 83.1 MPH)
|
| Top of the 2nd over - 2 runs, 1 hit, 0 errors, 2 left on base; Duluth-Superior 4 - Watertown 0 |
| BOTTOM OF THE 2ND |
|
Watertown Bucks batting - Pitching for Duluth-Superior Dukes : RHP Francis Cutty
|
|
Batting: LHB Greg Guin
|
0-0: Called Strike 0-1: SINGLE (Line Drive, 8LM, EV 91.3 MPH)
|
|
Batting: RHB Eugene Cattane
|
0-0: Called Strike 0-1: Foul Ball, location: 2F 0-2: Strikes out looking
|
|
Batting: LHB Bryan Neal
|
0-0: Foul Ball, location: 2F 0-1: Ball 1-1: Ball 2-1: Ball 3-1: Base on Balls Greg Guin to second
|
|
Batting: RHB Robert Tanzi
|
0-0: Foul Ball, location: 2F 0-1: Ball 1-1: Ball 2-1: Foul Ball, location: 2F 2-2: Foul Ball, location: 2F 2-2: Strikes out swinging
|
|
Batting: SHB Luis Rivera
|
0-0: Ball 1-0: Swinging Strike 1-1: Ball 2-1: Called Strike 2-2: Foul Ball, location: 2F 2-2: Foul Ball, location: 2F 2-2: Strikes out swinging
|
| Bottom of the 2nd over - 0 runs, 1 hit, 0 errors, 2 left on base; Duluth-Superior 4 - Watertown 0 |
| TOP OF THE 3RD |
|
Duluth-Superior Dukes batting - Pitching for Watertown Bucks : RHP Jack Littrell
|
|
Batting: RHB Leo Vargas
|
0-0: Foul Ball, location: 2F 0-1: Called Strike 0-2: Strikes out looking
|
|
Batting: SHB Garry Humpston
|
0-0: Ball 1-0: Called Strike 1-1: Foul Ball, location: 2F 1-2: Ball 2-2: Ball 3-2: Foul Ball, location: 2F 3-2: Fly out, F8 (Flyball, 8LXD, EV 92.5 MPH)
|
|
Batting: RHB Pete Rice
|
0-0: Ball 1-0: Ball 2-0: Fly out, F7 (Line Drive, 7D, EV 91.3 MPH)
|
| Top of the 3rd over - 0 runs, 0 hits, 0 errors, 0 left on base; Duluth-Superior 4 - Watertown 0 |
| BOTTOM OF THE 3RD |
|
Watertown Bucks batting - Pitching for Duluth-Superior Dukes : RHP Francis Cutty
|
|
Batting: RHB Thomas Dimino
|
0-0: Called Strike 0-1: Ball 1-1: Called Strike 1-2: Ball 2-2: Foul Ball, location: 2F 2-2: Ball 3-2: Base on Balls
|
|
Batting: LHB Manuel Vigil
|
0-0: Ball 1-0: Fly out, F8 (Flyball, 8LD, EV 97.5 MPH)
|
|
Batting: RHB Richard Plautz
|
0-0: Ball Thomas Dimino steals 2nd base 1-0: TRIPLE (Line Drive, 89XD, EV 104.4 MPH) Thomas Dimino scores
|
|
Batting: RHB Randy Hunt
|
0-0: Ball 1-0: Ball 2-0: Foul Ball, location: 2F 2-1: Ground out U3 (Groundball, 3S, EV 81.3 MPH)
|
|
Batting: LHB Greg Guin
|
0-0: Ball 1-0: Called Strike 1-1: Ground out 2-3 (Groundball, 13S, EV 71.3 MPH)
|
| Bottom of the 3rd over - 1 run, 1 hit, 0 errors, 1 left on base; Duluth-Superior 4 - Watertown 1 |
| TOP OF THE 4TH |
|
Duluth-Superior Dukes batting - Pitching for Watertown Bucks : RHP Jack Littrell
|
|
Batting: RHB Gary Hinson
|
0-0: Called Strike 0-1: Ball 1-1: Ball 2-1: Ball 3-1: Called Strike 3-2: Foul Ball, location: 2F 3-2: Ground out 6-3 (Groundball, 56, EV 86.3 MPH)
|
|
Batting: RHB Cecil Whitehead
|
0-0: Called Strike 0-1: DOUBLE (Line Drive, 9LM, EV 98.1 MPH)
|
|
Batting: RHB Hector Cervantes
|
0-0: Ball 1-0: Ball 2-0: Called Strike 2-1: Foul Ball, location: 2F 2-2: Fly out, F8 (Flyball, 89D, EV 99.4 MPH) Runner from 2nd tags up, SAFE at 3rd with throw by CF
|
|
Batting: RHB Jim Ferguson
|
0-0: Called Strike 0-1: Ball Wild Pitch! Cecil Whitehead scores 1-1: Called Strike 1-2: Ball 2-2: Ball 3-2: Reached on error, E5 (Groundball, 56S, EV 65.0 MPH)
|
|
Batting: RHB Ricky Sheetz
|
0-0: Ball 1-0: Foul Ball, location: 2F 1-1: Ball 2-1: SINGLE (Line Drive, 6D, EV 97.5 MPH) Jim Ferguson to second
|
|
Pitching: RHP Jose Vasquez
|
|
|
Batting: LHB Ralph Bryant
|
0-0: Called Strike 0-1: DOUBLE (Groundball, 5L, EV 101.9 MPH) Jim Ferguson scores Ricky Sheetz to third Runner from 3rd tries for Home, SAFE, no throw by LF
|
|
Batting: RHB Leo Vargas
|
0-0: Foul Ball, location: 2F 0-1: Ball 1-1: Foul Ball, location: 2F 1-2: Fly out, F8 (Flyball, 8RS, EV 90.6 MPH)
|
| Top of the 4th over - 3 runs, 3 hits, 1 error, 1 left on base; Duluth-Superior 7 - Watertown 1 |
| BOTTOM OF THE 4TH |
|
Watertown Bucks batting - Pitching for Duluth-Superior Dukes : RHP Francis Cutty
|
|
Batting: RHB Eugene Cattane
|
0-0: Ball 1-0: Fly out, F9 (Line Drive, 9, EV 97.5 MPH)
|
|
Batting: LHB Bryan Neal
|
0-0: Called Strike 0-1: SINGLE (Flyball, 78S, EV 98.1 MPH)
|
|
Batting: RHB Robert Tanzi
|
0-0: Fly out, F9 (Flyball, 9, EV 72.5 MPH)
|
|
Batting: SHB Luis Rivera
|
0-0: Fly out, F7 (Flyball, 7, EV 75.6 MPH)
|
| Bottom of the 4th over - 0 runs, 1 hit, 0 errors, 1 left on base; Duluth-Superior 7 - Watertown 1 |
| TOP OF THE 5TH |
|
Duluth-Superior Dukes batting - Pitching for Watertown Bucks : RHP Jose Vasquez
|
|
Batting: SHB Garry Humpston
|
0-0: Called Strike 0-1: Called Strike 0-2: Ball 1-2: Fly out, F9 (Flyball, 9S, EV 76.3 MPH)
|
|
Batting: RHB Pete Rice
|
0-0: Foul Ball, location: 2F 0-1: Fly out, F9 (Line Drive, 9D, EV 90.6 MPH)
|
|
Batting: RHB Gary Hinson
|
0-0: Ball 1-0: SINGLE (Line Drive, 56D, EV 104.4 MPH)
|
|
Batting: RHB Cecil Whitehead
|
0-0: Ball 1-0: Called Strike 1-1: Foul Ball, location: 2F 1-2: Ball 2-2: Ball 3-2: Foul Ball, location: 2F 3-2: Base on Balls Gary Hinson to second
|
|
Batting: RHB Hector Cervantes
|
0-0: Called Strike 0-1: Ball 1-1: Swinging Strike 1-2: Ball 2-2: Ball 3-2: Strikes out swinging
|
| Top of the 5th over - 0 runs, 1 hit, 0 errors, 2 left on base; Duluth-Superior 7 - Watertown 1 |
| BOTTOM OF THE 5TH |
|
Watertown Bucks batting - Pitching for Duluth-Superior Dukes : RHP Francis Cutty
|
|
Batting: RHB Thomas Dimino
|
0-0: Ground out 2-3 (Groundball, 13S, EV 70.6 MPH)
|
|
Batting: LHB Manuel Vigil
|
0-0: Ball 1-0: SINGLE (Line Drive, 78S, EV 104.4 MPH)
|
|
Batting: RHB Richard Plautz
|
0-0: Called Strike Manuel Vigil steals 2nd base 0-1: Ball 1-1: Ball 2-1: Called Strike 2-2: Ball 3-2: DOUBLE (Flyball, 8RXD, EV 92.5 MPH) Manuel Vigil scores
|
|
Batting: RHB Randy Hunt
|
0-0: Ball 1-0: Called Strike 1-1: Foul Ball, location: 2F 1-2: Strikes out swinging
|
|
Batting: LHB Greg Guin
|
0-0: Foul Ball, location: 2F 0-1: SINGLE (Flyball, 8RS, EV 87.5 MPH) Richard Plautz to third Runner from 3rd tries for Home, SAFE, throw by CF to home Greg Guin to second
|
|
Batting: RHB Eugene Cattane
|
0-0: Ground out 3-1 (Groundball, 34, EV 81.3 MPH)
|
| Bottom of the 5th over - 2 runs, 3 hits, 0 errors, 1 left on base; Duluth-Superior 7 - Watertown 3 |
| TOP OF THE 6TH |
|
Duluth-Superior Dukes batting - Pitching for Watertown Bucks : RHP Jose Vasquez
|
|
Batting: RHB Jim Ferguson
|
0-0: Ball 1-0: Foul Ball, location: 2F 1-1: Foul Ball, location: 2F 1-2: Ball 2-2: Strikes out swinging
|
|
Batting: RHB Ricky Sheetz
|
0-0: Ball 1-0: Ball 2-0: Ball 3-0: Base on Balls
|
|
Batting: LHB Ralph Bryant
|
0-0: Swinging Strike 0-1: Ball 1-1: Foul Ball, location: 2F 1-2: Fly out, F7 (Flyball, 78M, EV 74.4 MPH)
|
|
Batting: RHB Leo Vargas
|
0-0: Ball 1-0: Ball 2-0: Called Strike 2-1: 2-RUN HOME RUN (Flyball, 78XD, EV 98.8 MPH), Distance : 404 ft
|
|
Batting: SHB Garry Humpston
|
0-0: SINGLE (Line Drive, 5D, EV 93.8 MPH)
|
|
Batting: RHB Pete Rice
|
0-0: Swinging Strike 0-1: Ball 1-1: Foul Ball, location: 2F 1-2: Ball 2-2: Strikes out swinging
|
| Top of the 6th over - 2 runs, 2 hits, 0 errors, 1 left on base; Duluth-Superior 9 - Watertown 3 |
| BOTTOM OF THE 6TH |
|
Watertown Bucks batting - Pitching for Duluth-Superior Dukes : RHP Francis Cutty
|
|
Batting: LHB Bryan Neal
|
0-0: Called Strike 0-1: SINGLE (Groundball, 34D, EV 94.4 MPH)
|
|
Batting: RHB Robert Tanzi
|
0-0: Called Strike 0-1: TRIPLE (Flyball, 78XD, EV 91.9 MPH) Bryan Neal scores
|
|
Batting: SHB Luis Rivera
|
0-0: Called Strike 0-1: Ball 1-1: Ball 2-1: Swinging Strike 2-2: Ground out 1-3 (Groundball, 13S, EV 69.4 MPH)
|
|
Batting: RHB Thomas Dimino
|
0-0: Called Strike 0-1: Ground out 5-3 (Groundball, 56S, EV 90.6 MPH) Robert Tanzi scores
|
|
Batting: LHB Manuel Vigil
|
0-0: SINGLE (Line Drive, 6MD, EV 106.3 MPH)
|
|
Pitching: RHP Oscar Negron
|
|
|
Batting: RHB Richard Plautz
|
0-0: Called Strike 0-1: Foul Ball, location: 2F 0-2: Ground out 5-3 (Groundball, 56S, EV 85.6 MPH)
|
| Bottom of the 6th over - 2 runs, 3 hits, 0 errors, 1 left on base; Duluth-Superior 9 - Watertown 5 |
| TOP OF THE 7TH |
|
Duluth-Superior Dukes batting - Pitching for Watertown Bucks : RHP Jose Vasquez
|
|
Batting: RHB Gary Hinson
|
0-0: Ball 1-0: Ground out 4-3 (Groundball, 4, EV 82.5 MPH)
|
|
Batting: RHB Cecil Whitehead
|
0-0: Ball 1-0: Ball 2-0: Called Strike 2-1: Called Strike 2-2: Strikes out swinging
|
|
Batting: RHB Hector Cervantes
|
0-0: Ball 1-0: Ground out 6-3 (Groundball, 6, EV 103.8 MPH)
|
| Top of the 7th over - 0 runs, 0 hits, 0 errors, 0 left on base; Duluth-Superior 9 - Watertown 5 |
| BOTTOM OF THE 7TH |
|
Watertown Bucks batting - Pitching for Duluth-Superior Dukes : RHP Oscar Negron
|
|
Batting: RHB Randy Hunt
|
0-0: Called Strike 0-1: Ball 1-1: Swinging Strike 1-2: Ball 2-2: Ground out 6-3 (Groundball, 56, EV 86.3 MPH)
|
|
Batting: LHB Greg Guin
|
0-0: Called Strike 0-1: Ball 1-1: Ball 2-1: Ball 3-1: Swinging Strike 3-2: Base on Balls
|
|
Batting: RHB Eugene Cattane
|
0-0: Called Strike 0-1: Swinging Strike 0-2: Strikes out looking
|
|
Batting: LHB Bryan Neal
|
0-0: Ball 1-0: Ball 2-0: Ball 3-0: Base on Balls Greg Guin to second
|
|
Batting: RHB Robert Tanzi
|
0-0: Fielders Choice at 2nd, U6 (Groundball, 6M, EV 88.1 MPH)
|
| Bottom of the 7th over - 0 runs, 0 hits, 0 errors, 2 left on base; Duluth-Superior 9 - Watertown 5 |
| TOP OF THE 8TH |
|
Duluth-Superior Dukes batting - Pitching for Watertown Bucks : RHP Jose Vasquez
|
|
Batting: RHB Jim Ferguson
|
0-0: Hit by Pitch
|
|
Pitching: LHP Kenneth Likewise
|
|
|
Batting: RHB Ricky Sheetz
|
0-0: Foul Ball, location: 2F 0-1: DOUBLE (Line Drive, 78D, EV 108.8 MPH) Jim Ferguson to third Runner from 3rd tries for Home, SAFE, throw by LF to trailing runner, SAFE at third!
|
|
Batting: LHB Ralph Bryant
|
0-0: Ball 1-0: Fly out, F4 (Popup, 34S, EV 71.9 MPH)
|
|
Batting: RHB Leo Vargas
|
0-0: Ball 1-0: Ground out 4-3 (Groundball, 4, EV 86.9 MPH) Ricky Sheetz scores
|
|
Batting: SHB Garry Humpston
|
0-0: Ball 1-0: Ball 2-0: Ball 3-0: Base on Balls
|
|
Batting: RHB Pete Rice
|
0-0: Ball 1-0: Called Strike 1-1: Swinging Strike 1-2: Ground out 4-3 (Groundball, 4, EV 84.4 MPH)
|
| Top of the 8th over - 2 runs, 1 hit, 0 errors, 1 left on base; Duluth-Superior 11 - Watertown 5 |
| BOTTOM OF THE 8TH |
|
Watertown Bucks batting - Pitching for Duluth-Superior Dukes : RHP Oscar Negron
|
|
Batting: SHB Luis Rivera
|
0-0: Called Strike 0-1: Foul Ball, location: 2F 0-2: Foul Ball, location: 2F 0-2: Foul Ball, location: 2F 0-2: Ball 1-2: Ball 2-2: Ground out 4-3 (Groundball, 34, EV 103.8 MPH)
|
|
Batting: RHB Thomas Dimino
|
0-0: Called Strike 0-1: Foul Ball, location: 2F 0-2: Ball 1-2: Ball 2-2: Ball 3-2: Strikes out swinging
|
|
Batting: LHB Manuel Vigil
|
0-0: Ball 1-0: Swinging Strike 1-1: Fly out, F9 (Flyball, 9, EV 93.8 MPH)
|
| Bottom of the 8th over - 0 runs, 0 hits, 0 errors, 0 left on base; Duluth-Superior 11 - Watertown 5 |
| TOP OF THE 9TH |
|
Duluth-Superior Dukes batting - Pitching for Watertown Bucks : LHP Kenneth Likewise
|
|
Batting: RHB Gary Hinson
|
0-0: Ball 1-0: Foul Ball, location: 2F 1-1: Ball 2-1: Foul Ball, location: 2F 2-2: Strikes out looking
|
|
Batting: RHB Cecil Whitehead
|
0-0: Called Strike 0-1: Ball 1-1: Foul Ball, location: 2F 1-2: Strikes out swinging
|
|
Batting: RHB Hector Cervantes
|
0-0: Swinging Strike 0-1: Foul Ball, location: 2F 0-2: Ball 1-2: Foul Ball, location: 2F 1-2: Ground out 1-3 (Groundball, 13S, EV 73.1 MPH)
|
| Top of the 9th over - 0 runs, 0 hits, 0 errors, 0 left on base; Duluth-Superior 11 - Watertown 5 |
| BOTTOM OF THE 9TH |
|
Watertown Bucks batting - Pitching for Duluth-Superior Dukes : RHP Oscar Negron
|
|
Batting: RHB Richard Plautz
|
0-0: Ball 1-0: Ball 2-0: Fly out, F8 (Line Drive, 8LD, EV 91.9 MPH)
|
|
Pitching: RHP Ruben Gotay
|
|
|
Batting: RHB Randy Hunt
|
0-0: Ball 1-0: Called Strike 1-1: Ball 2-1: Swinging Strike 2-2: Foul Ball, location: 2F 2-2: Foul Ball, location: 2F 2-2: Ball 3-2: Fly out, F2 (Popup, 23F, EV 90.6 MPH)
|
|
Batting: LHB Greg Guin
|
0-0: Ball 1-0: Fly out, F9 (Flyball, 89M, EV 75.6 MPH)
|
| Bottom of the 9th over - 0 runs, 0 hits, 0 errors, 0 left on base; Duluth-Superior 11 - Watertown 5 |
|